 Dungeon Crawl Stone Soup version 0.18.1-50-g88ac8fd (webtiles) character file.

25 yungnami the Cudgeler (level 2, 0/29 HPs)
             Began as a Troll Berserker on Oct 2, 2016.
             Was a Believer of Trog.
             Slain by an adder (2 damage)
             ... on level 2 of the Dungeon.
             The game lasted 00:03:08 (503 turns).

yungnami the Cudgeler (Troll Berserker)              Turns: 503, Time: 00:03:09

Health: 0/29       AC:  5    Str: 24    XL:     2   Next: 82%
Magic:  1/1        EV: 10    Int:  3    God:    Trog [**....]
Gold:   15         SH:  0    Dex:  9    Spells: 0 memorised, 1 level left

rFire  . . .     SeeInvis .     a - +0 mace
rCold  . . .     Gourm    +     b - +0 animal skin
rNeg   . . .     Faith    .     (no shield)
rPois  .         Spirit   .     (helmet restricted)
rElec  .         Dismiss  .     (no cloak)
rCorr  .         Reflect  .     (gloves unavailable)
SustAt .         Harm     .     (boots unavailable)
MR     .....                    (no amulet)
Stlth  +.........               (no ring)
                                (no ring)

@: lethally poisoned (0 -> 0), exhausted, slowed, very slow, not resistant to
hostile enchantments, very unstealthy
A: unfitting armour, claws 3, fast metabolism 3, gourmand, regeneration 2,
shaggy fur 1, tough skin 2
a: Berserk, Trog's Hand, Burn Spellbooks, Renounce Religion


You were on level 2 of the Dungeon.
You worshipped Trog.
Trog was pleased with you.
You were near starving.

You visited 1 branch of the dungeon, and saw 2 of its levels.

You collected 15 gold pieces.

Inventory:

Hand Weapons
 a - a +0 mace (weapon)
Armour
 b - a +0 animal skin (worn)
Scrolls
 d - a scroll of remove curse {unknown}
 e - a scroll of recharging {unknown}
Comestibles
 c - 3 bread rations
 f - 3 chunks of flesh


   Skills:
 + Level 2.7 Fighting
 + Level 3.0 Maces & Flails
 + Level 2.9 Dodging


You had one spell level left.
You didn't know any spells.

Dungeon Overview and Level Annotations

Branches:
Dungeon (2/15)

Altars:


Innate Abilities, Weirdness & Mutations

You are too large for most types of armour.
You have claws for hands.
Your metabolism is lightning-fast.
You like to eat raw meat.
You heal very quickly.
You are covered in fur (AC +1).
You have very tough skin (AC +2).


Message History

You are near starving!
The bat hits you.
* * * LOW HITPOINT WARNING * * *
The bat hits you but does no damage. The bat closely misses you.
You feel sick. The bat misses you. The adder closely misses you.
You closely miss the adder.
The adder is severely wounded.
The bat completely misses you. The bat barely misses you. The adder bites you.
* * * LOW HITPOINT WARNING * * *
You are more poisoned.
The adder poisons you!
The adder bites you but does no damage. x2
You barely miss the adder.
The adder is severely wounded.
You feel sick. The bat barely misses you. The adder completely misses you.
The adder closely misses you.
You closely miss the adder.
The adder is severely wounded.
You feel sick. The bat hits you but does no damage.
The adder barely misses you. The adder bites you.
You die...

.#..#..<...#
.......#..## .#
.......#..# .#
.....[....##..#
........#..#.#
.............####
.......##.......#
....... #S..b...#
#.##... #@......#
# #..$ #.......#
.... .......(#
##...##.......#
#.......#
#.......#
#.......#
#.......#


You could see an adder and a bat.

Vanquished Creatures
  An ooze (D:1)
  A worm (D:2)
  A dart slug (D:1)
  A giant gecko (D:1)
  A giant cockroach (D:1)
  3 goblins (D:1)
  A hobgoblin (D:1)
  3 bats
  3 giant newts (D:1)
  A rat (D:1)
16 creatures vanquished.

Vanquished Creatures (others)
  A goblin (D:1)
1 creature vanquished.

Grand Total: 17 creatures vanquished

Notes
Turn   | Place    | Note
--------------------------------------------------------------
     0 | D:1      | yungnami the Troll Berserker began the quest for the Orb.
     0 | D:1      | Reached XP level 1. HP: 22/22 MP: 0/0
    79 | D:1      | Reached XP level 2. HP: 29/29 MP: 1/1
   490 | D:2      | HP: 1/29 [worm (8)]
   492 | D:2      | Reached ** piety under Trog
   492 | D:2      | Reached skill level 3 in Maces & Flails
   495 | D:2      | HP: 1/43 [poisoned by an adder]
   503 | D:2      | Slain by an adder

Skill      XL: |  1  2 |
---------------+-------+-----
Maces & Flails | 3 |  3.0
Fighting       | |  2.7
Dodging        | |  2.9

Action                   || total
-------------------------++-------
Melee: Mace              ||    65
Invok: Berserk           ||     1
  Eat: Chunk             ||     1
Armor: Animal skin       ||    53
Dodge: Dodged            ||    78
